 Dungeon Crawl Stone Soup version 0.20.0-15-g7f486f2 (webtiles) character file.

2755 Inarius the Geomancer (level 9, -6/46 HPs)
             Began as a Gargoyle Earth Elementalist on June 22, 2017.
             Was a Believer of Hepliaklqana.
             Killed by the air
             ... invoked by Gastronok
              (34 damage)
             ... on level 8 of the Dungeon.
             The game lasted 00:26:03 (8547 turns).

Inarius the Geomancer (Gargoyle Earth Elementalist) Turns: 8547, Time: 00:26:06

Health: -6/46      AC: 12    Str: 12    XL:     9   Next: 68%
Magic:  7/26       EV: 15    Int: 19    God:    Hepliaklqana [**....]
Gold:   216        SH:  5    Dex: 10    Spells: 4/19 levels left

rFire    . . .     SeeInvis .   o - +0 dagger (elec)
rCold    . . .     Gourm    .   q - +1 buckler
rNeg     + . .     Faith    .   C - +0 leather armour
rPois    ∞         Spirit   .   (no helmet)
rElec    +         Reflect  .   J - +1 cloak
rCorr    .         Harm     .   (no gloves)
MR       .....                  p - +0 pair of boots {Stlth+}
Stlth    +++.......             (no amulet)
Regen    0.2/turn               r - +3 ring of evasion
MPRegen  0.2/turn               D - ring of magical power

@: no status effects
A: reduced essence, negative energy resistance 1, electricity resistance,
unbreathing, petrification resistance, rot immunity, AC +5
a: Recall Ancestor, Ancestor Identity, Renounce Religion


You were on level 8 of the Dungeon.
You worshipped Hepliaklqana.
Hepliaklqana was pleased with you.
You were not hungry.

You visited 2 branches of the dungeon, and saw 9 of its levels.

You collected 381 gold pieces.
You spent 165 gold pieces at shops.

Inventory:

Hand Weapons
 o - a +0 dagger of electrocution (weapon)
Missiles
 b - 114 stones (quivered)
Armour
 g - a +0 chain mail
 p - a +0 pair of boots of stealth (worn)
 q - a +1 buckler (worn)
 v - a +0 ring mail
 C - a +0 leather armour (worn)
 J - a +1 cloak (worn)
Jewellery
 r - a +3 ring of evasion (left hand)
 D - a ring of magical power (right hand)
Wands
 B - a wand of polymorph (12/24)
 E - a wand of paralysis (18/24)
 N - a wand of enslavement (4/24)
Scrolls
 c - 2 scrolls of enchant armour
 f - 4 scrolls of remove curse
 m - a scroll of noise {unknown}
 n - 3 scrolls of teleportation
 t - 2 scrolls of brand weapon {unknown}
 u - a scroll of immolation
 w - a scroll of amnesia {unknown}
 x - 2 scrolls of magic mapping {unknown}
 y - 2 scrolls of recharging
 G - a scroll of vulnerability {unknown}
 H - a scroll of fear {unknown}
 M - a scroll of enchant weapon {unknown}
Potions
 h - 3 potions of mutation {unknown}
 i - 2 potions of agility
 j - a potion of haste
 l - 2 potions of resistance
 s - 2 potions of berserk rage
 z - 3 potions of curing {unknown}
 F - a potion of might
Books
 e - a book of Geomancy

   Spells                             Type                      Level
   a - Sandblast                      Earth                        1
   b - Passwall                       Transmutation/Earth          2
   c - Stone Arrow                    Conjuration/Earth            3
   d - Petrify                        Transmutation/Earth          4
   e - Lee's Rapid Deconstruction     Earth                        5
 I - a book of Power

   Spells                             Type                      Level
   a - Iskenderun's Battlesphere      Conjuration/Charms           5
   b - Venom Bolt                     Conjuration/Poison           5
   c - Bolt of Magma                  Conjuration/Fire/Earth       5
   d - Iron Shot                      Conjuration/Earth            6
   e - Orb of Destruction             Conjuration                  7
   f - Spellforged Servitor           Conjuration/Summoning        7
 L - a book of Minor Magic

   Spells                             Type                      Level
   a - Magic Dart                     Conjuration                  1
   b - Blink                          Translocation                2
   c - Call Imp                       Summoning                    2
   d - Slow                           Hexes                        2
   e - Conjure Flame                  Conjuration/Fire             3
   f - Mephitic Cloud                 Conjuration/Poison/Air       3
Comestibles
 a - 3 meat rations
 d - 3 bread rations
 k - 7 fruits
 K - a royal jelly


   Skills:
 * Level 4.4 Fighting
 - Level 0.3 Short Blades
 + Level 2.7 Armour
 + Level 2.9 Dodging
 - Level 2.1 Stealth
 - Level 4.0 Shields
 + Level 5.9 Spellcasting
 * Level 5.4 Conjurations
 + Level 3.0 Transmutations
 + Level 8.2 Earth Magic


You had 4 spell levels left.
You knew the following spells:

 Your Spells              Type           Power        Failure   Level  Hunger
a - Sandblast             Erth           #####.       1%          1    None
b - Stone Arrow           Conj/Erth      ####..       2%          3    ##.....
c - Petrify               Tmut/Erth      ####....     14%         4    ####...
d - Passwall              Tmut/Erth      ####......   1%          2    None
e - Lee's Rapid Deconstr  Erth           #####.....   13%         5    #####..


Dungeon Overview and Level Annotations

Branches:
Dungeon (8/15)             Temple (1/1) D:5
   Lair: D:8-11

Altars:
Ashenzari
Cheibriados
Elyvilon
Gozag
Hepliaklqana
Kikubaaqudgha
Makhleb
Okawaru
Qazlal
Sif Muna
Trog
Uskayaw
Vehumet
Xom
Yredelemnul
Zin
The Shining One

Shops:
D:4 [

Annotations:
D:8 Gastronok


Innate Abilities, Weirdness & Mutations

You are resistant to torment.
Your stone body is resilient. (AC +5)
You are immune to poison.
You resist negative energy. (rN+)
You are resistant to electric shocks. (rElec)
You can survive without breathing.
You are immune to petrification.
You are immune to rotting.
Your life essence is reduced. (-10% HP)


Message History

Confirm with . or Enter, or press ? or * to list all spells.
Aiming: Stone Arrow
Press: ? - help, Shift-Dir - straight line, f/p - Gastronok
Aim: Gastronok, wearing an embroidered hat (severely wounded)
The stone arrow hits Gastronok.
Gastronok is severely wounded.
Bozena hits Gastronok but does no damage.
The river rat bites Bozena but does no damage.
Casting: Stone Arrow
Confirm with . or Enter, or press ? or * to list all spells.
Aiming: Stone Arrow
Press: ? - help, Shift-Dir - straight line, f/p - Gastronok
Aim: Gastronok, wearing an embroidered hat (severely wounded)
The stone arrow hits Gastronok.
Gastronok is almost dead.
Bozena hits Gastronok with a flail!
Gastronok waves his eye-stalks in wide circles.
The air twists around and strikes you!
Ouch! That really hurt!
You die...

)............##.##...
#.#
.........###.##.##.#>
#.# #...###### #.#
..#.# #.# #...# #.#
#)#.# #.# #.#.# #.#
#.#.# #.# #...# #..
....#### #.# #....
### #.. ...# #.# #
#.####.###### #.#
#@##......<.# #.#
#wR..#.####.####.#
#r####.# #......# #.#
#.# ######## #.. ..#
### ###


You could see the friendly Bozena the knight, Gastronok and a river rat.

Vanquished Creatures
  2 hippogriffs
  Duvessa (D:6)
  3 orc warriors
  A sky beast (D:7)
  2 centaurs (D:5)
  3 ogres
  A gnoll sergeant (D:7)
  Dowan (D:6)
  A crimson imp (D:8)
  2 bullfrog skeletons (D:4)
  A jelly (D:7)
  3 orc wizards
  A centaur skeleton (D:5)
  7 hounds
  4 orc priests
  An iguana (D:7)
  Jessica (D:3)
  2 worker ants (D:6)
  Ijyb (D:5)
  19 gnolls
  6 adders
  2 shadow imps
  An ooze (D:4)
  A worm (D:3)
  2 leopard geckos
  22 orcs
  7 bats
  3 giant cockroaches
  3 hobgoblins (D:3)
  11 jackals
  6 kobolds
  3 quokkas
  A ball python (D:3)
  9 frilled lizards
  9 goblins
  2 goblin skeletons (D:8)
  2 hobgoblin zombies (D:8)
  A jackal skeleton (D:4)
  A leopard gecko skeleton (D:5)
  An orc skeleton (D:8)
  A quokka zombie (D:5)
  7 rats
158 creatures vanquished.

Vanquished Creatures (collateral kills)
  A black bear (D:7)
  A centaur (D:5)
  A bullfrog (D:6)
  A bullfrog zombie (D:6)
  A worker ant (D:6)
  3 gnolls (D:7)
  An adder (D:7)
  An orc (D:8)
  4 jackals
  A quokka (D:7)
  A frilled lizard (D:5)
  A goblin skeleton (D:8)
  A hobgoblin zombie (D:8)
  3 kobold zombies (D:8)
  An orc zombie (D:8)
22 creatures vanquished.

Grand Total: 180 creatures vanquished

Notes
Turn   | Place    | Note
-------+----------+-------------------------------------------
     0 | D:1      | Inarius the Gargoyle Earth Elementalist began the quest for the Orb.
     0 | D:1      | Reached XP level 1. HP: 10/10 MP: 3/3
   631 | D:1      | Reached skill level 4 in Earth Magic
   631 | D:1      | Reached XP level 2. HP: 15/15 MP: 1/5
   857 | D:2      | Reached skill level 1 in Armour
   889 | D:2      | Found a basalt altar of Yredelemnul.
   989 | D:2      | Reached XP level 3. HP: 20/20 MP: 6/6
  1161 | D:2      | Found a burning altar of Makhleb.
  1165 | D:2      | Reached XP level 4. HP: 24/24 MP: 2/7
  1288 | D:2      | Reached skill level 1 in Shields
  1889 | D:3      | Reached XP level 5. HP: 28/28 MP: 9/9
  1962 | D:3      | Reached skill level 5 in Earth Magic
  2470 | D:3      | Learned a level 3 spell: Stone Arrow
  2475 | D:3      | Learned a level 4 spell: Petrify
  2478 | D:3      | Learned a level 2 spell: Passwall
  2683 | D:3      | Noticed Jessica
  2690 | D:3      | Killed Jessica
  2690 | D:3      | Reached XP level 6. HP: 31/33 MP: 10/10
  3104 | D:4      | Found an iron altar of Okawaru.
  3187 | D:4      | Reached skill level 6 in Earth Magic
  3278 | D:4      | Reached skill level 1 in Conjurations
  3675 | D:4      | Reached XP level 7. HP: 29/37 MP: 11/12
  4146 | D:4      | Found Uxainayl's Antique Armour Shop.
  4309 | D:5      | Entered Level 5 of the Dungeon
  4448 | D:5      | Found a radiant altar of Vehumet.
  4689 | D:5      | Reached skill level 7 in Earth Magic
  4794 | D:5      | Reached XP level 8. HP: 40/42 MP: 15/15
  4815 | D:5      | Reached skill level 1 in Fighting
  5070 | D:5      | Noticed Ijyb
  5080 | D:5      | Paralysed by Ijyb for 4 turns
  5086 | D:5      | Paralysed by Ijyb for 3 turns
  5106 | D:5      | Killed Ijyb
  5391 | D:5      | Found a staircase to the Ecumenical Temple.
  5403 | Temple   | Entered the Ecumenical Temple
  5476 | Temple   | Became a worshipper of Hepliaklqana the Forgotten
  5504 | D:5      | Reached skill level 1 in Transmutations
  5570 | D:5      | Learned a level 5 spell: Lee's Rapid Deconstruction
  5664 | D:6      | Noticed Dowan
  5678 | D:6      | Killed Dowan
  5678 | D:6      | Reached skill level 5 in Spellcasting
  5704 | D:6      | Noticed Duvessa
  5712 | D:6      | Killed Duvessa
  5843 | D:6      | Found an opulent altar of Gozag.
  6557 | D:7      | Noticed a hippogriff
  6580 | D:7      | Killed a hippogriff
  6676 | D:7      | Reached * piety under Hepliaklqana
  6892 | D:7      | Reached XP level 9. HP: 45/45 MP: 17/17
  7165 | D:4      | Bought a pair of glowing boots for 165 gold pieces
  7487 | D:7      | Got a dazzling quarterstaff
  7498 | D:7      | Identified the +3 quarterstaff of Demonkind {antimagic, rPois rN+ Int+2 Dex+6} (You found it on level 7 of the Dungeon)
  8202 | D:8      | Found a glowing golden altar of the Shining One.
  8209 | D:8      | Reached skill level 8 in Earth Magic
  8223 | D:8      | Reached skill level 5 in Conjurations
  8280 | D:8      | Reached ** piety under Hepliaklqana
  8359 | D:8      | Remembered your ancestor Bozena as a knight
  8535 | D:8      | Noticed Gastronok
  8547 | D:8      | Killed from afar by Gastronok

Skill      XL: |  1  2  3  4  5  6  7  8  9 |
---------------+----------------------------+-----
Earth Magic    | 4 5 6 7 8 |  8.2
Armour         | 1 2 |  2.7
Shields        | 1 2 3 4 |  4.0
Spellcasting   | 3 4 5 |  5.9
Conjurations   | 1 2 4 5 |  5.4
Fighting       | 3 4 |  4.4
Transmutations | 2 3 |  3.0
Dodging        | 2 |  2.9
Short Blades   | |  0.3
Stealth        | |  2.1

Action                   |  1- 3 |  4- 6 |  7- 9 || total
-------------------------+-------+-------+-------++-------
Melee: Short sword       |    18 |       |       ||    18
       Dagger            |    45 |   159 |   199 ||   403
 Cast: Sandblast         |    13 |    26 |    49 ||    88
       Stone Arrow       |       |     2 |    69 ||    71
       Petrify           |       |       |     2 ||     2
Invok: Ancestor Life: Kn |       |       |     1 ||     1
  Use: Scroll            |       |     1 |     9 ||    10
 Stab: Sleeping          |     1 |     3 |     1 ||     5
       Distracted        |       |     1 |       ||     1
       Petrified         |       |       |    15 ||    15
  Eat: Chunk             |     1 |     8 |    18 ||    27
       Royal jelly       |       |       |     1 ||     1
Armor: Robe              |    33 |    31 |       ||    64
       Leather armour    |       |    11 |    70 ||    81
Dodge: Dodged            |    60 |   108 |   112 ||   280
Block: Buckler           |     6 |    25 |    61 ||    92
